TKirby, chaotic male elven Ranger ------ -------- |....| |.....<.###### |....-### |..@'..|###`#############################.....|########### |..%...-d## ### -------------# --|-.-# ###-----|--- ---|---- # |`.........`|# # ### #........| ### |.....`.....|# ### # |...*...| # |...-----...|# # ### |.......| ##-%..|.{.....|# % # --------- |..`|{.{|`...########-|-+- |...|.{.|...|# #...^| |...-----...|# |...| |....[`.....|########|...| |`.........`| ----- ------------- TKirby the Trailblazer Experience level: 6 Strength: 18 Dexterity: 13 Constitution: 16 Intelligence: 13 Wisdom: 13 Charisma: 7 Health: 0(46) Energy: 41(41) Def: 5 Gold: 1012 Moves: 2471 Dungeon seed: Qff7H8CtPheBC2Dk Game ID: TKirby_1507565106 Your Inventory: Coins $ - 1012 gold pieces Weapons a - the +1 Sting (alternate weapon; not wielded) b - a +1 elven bow (weapon in hand) c - 46 +2 elven arrows (in quiver) d - 39 +0 elven arrows Armor e - an uncursed +2 elven cloak (being worn) y - an uncursed +0 leather armor (being worn) Comestibles f - an uncursed lembas wafer w - an uncursed strawberry A - an uncursed sprig of wolfsbane Scrolls i - 2 uncursed scrolls of teleportation x - a blessed scroll of identify Potions s - an uncursed potion of sickness u - a cursed potion of speed Rings h - a cursed ring of hunger l - an uncursed ring of cold resistance Wands t - a wand of secret door detection (0:15) Tools g - an uncursed towel p - 3 uncursed tallow candles (0:200) r - an uncursed brass lantern (0:1291) Gems n - 3 uncursed worthless pieces of green glass q - an uncursed worthless piece of orange glass z - an uncursed worthless piece of black glass Spells and supernatural/magical abilities: Name Level Category Fail Memory R - restore ability 4 healing 100% 93% W - pray for help -- divine ? -- Your skills at the end: Fighting Skills Weapon Skills dagger [Basic] bow [Basic] Spellcasting Skills Final Attributes: You were piously aligned. You were sleep resistant. You had automatic searching. You had infravision. You were stealthy. You are dead. Vanquished creatures: a large mimic a small mimic a leprechaun 2 Mordor orcs a rock mole a yellow light 2 giant ants a dwarf 2 giant bats an orc zombie a werejackal 6 killer bees 2 acid blobs a hobbit a large kobold 4 giant rats a yellow mold 3 geckos a jackal a fox 5 goblins 2 sewer rats 10 grid bugs 6 lichens a kobold zombie 3 newts 61 creatures vanquished. Voluntary challenges: You followed a strict vegan diet. You used a wielded weapon 67 times, starting on turn 87. You read items or engraved 16 times, starting on turn 645. You never genocided any monsters. You never polymorphed an object. You never changed form. You used no wishes. You never split a pudding. You never wrote Elbereth's name. You never violated your personal moral code. Dungeon overview: The Dungeons of Doom: levels 1 to 6 Level 1 a long staircase Level 2 a general store, a fountain Level 3 a scroll shop Level 4 a sink a long staircase Level 5 a fountain Level 6 <- You were here many fountains History has recorded: On T:1 you entered the Dungeons of Doom to retrieve the Amulet of Yendor! On T:454 you reached level 2 of The Dungeons of Doom. On T:801 you advanced to experience level 2. On T:882 you advanced to experience level 3. On T:983 you reached level 3 of The Dungeons of Doom. On T:987 you advanced to experience level 4. On T:1293 you reached level 4 of The Dungeons of Doom. On T:1438 you advanced to experience level 5. On T:1725 you reached level 5 of The Dungeons of Doom. On T:2132 you reached level 6 of The Dungeons of Doom. On T:2390 you advanced to experience level 6. Score breakdown: Gold: 1012 (10224 points) Experience: 6 levels (12456 points) Exploration: 6 levels ( 13.04%) (10000 points) Discoveries: 3 items ( 1.03%) ( 3051 points) Valuables value: (no points given unless you survive) Artifact value: 800 ( 9877 points) Variety of kills: 26 monsters ( 6.82%) ( 7836 points) Turncount: 2471 turns ( -313 points) Survival: died (score multiplied by 80%) Total score: 42504 Latest messages: You shoot 2 elven arrows. The 1st elven arrow hits the killer bee! You kill the killer bee! c - 8 +2 elven arrows (in quiver). You stop exploring. You begin bashing monsters with your elven bow. You miss the gecko. The gecko bites! You hit the gecko. You miss the gecko. The gecko bites! You kill the gecko! The rope golem hits! (2x) You shoot 2 elven arrows. The 1st elven arrow hits the rope golem! The 2nd elven arrow hits the rope golem. You shoot 2 elven arrows. The 1st elven arrow hits the rope golem. The 2nd elven arrow hits the rope golem! The rope golem hits! You die... Final status: Goodbye TKirby the Ranger, killed by a rope golem... You died in The Dungeons of Doom on dungeon level 6 with 42504 points, and 1012 pieces of gold, after 2471 moves. You were level 6 with a maximum of 46 hit points when you died.